 Dungeon Sprint DCSS version bcrawl-1.23 (webtiles) character file.

Game seed: 839451667181853046

51 Freyura the Skirmisher (level 3, -12/39 HPs)
             Began as a Hill Orc Fighter on May 24, 2020.
             Mangled by a troll (13 damage)
             ... in the Dungeon (Sprint IX: "|||||||||||||||||||||||||||||").
             The game lasted 00:01:28 (182 turns).

Freyura the Skirmisher (Hill Orc Fighter)            Turns: 182, Time: 00:01:29

Health: -12/39     AC:  6    Str: 18    XL:     3   Next: 81%
Magic:  3/3        EV:  5    Int:  8    God:
Gold:   0          SH:  9    Dex: 11    Spells: 2/2 levels left

rFire    . . .     SeeInvis .   a - +0 flail
rCold    . . .     Gourm    .   c - +0 medium shield
rNeg     . . .     Faith    .   b - +0 scale mail
rPois    .         Spirit   .   (no helmet)
rElec    .         Reflect  .   (no cloak)
rCorr    .         Harm     .   (no gloves)
MR       .....     NoTele   +   (no boots)
Stlth    ..........             (no amulet)
HPRegen  0.13/turn              (no ring)
MPRegen  0.08/turn              (no ring)

@: no status effects
A: no striking features
a: no special abilities


You were in the Dungeon.
You were not hungry.

You visited 1 branch

Inventory:

Hand Weapons
 a - a +0 flail (weapon)
Armour
 b - a +0 scale mail (worn)
 c - a +0 medium shield (worn)
Jewellery
 n - a +3 ring of intelligence
 o - a +2 ring of evasion
Wands
 m - a wand of iceblast (10)
Scrolls
 j - 3 scrolls of remove curse
 k - 2 scrolls of blinking
 l - 2 scrolls of amnesia
Potions
 d - a potion of invisibility
 f - 5 potions of curing
 g - 3 potions of heal wounds
 h - a potion of haste
 i - 4 potions of magic
Comestibles
 e - a ration {!d}


   Skills:
 * Level 7.3 Fighting
   Level 7.3 Short Blades
   Level 7.3 Long Blades
   Level 7.3 Axes
   Level 7.3 Maces & Flails
   Level 7.3 Polearms
   Level 7.3 Staves
 - Level 3.2 Armour
 - Level 3.2 Shields
   Level 7.3 Unarmed Combat


You had 2 spell levels left.
You didn't know any spells.
Your spell library was empty.

Dungeon Overview and Level Annotations

Branches:
Dungeon (1/1)

Altars:
Cheibriados
Dithmenos
Elyvilon
Fedhas
Gozag
Hepliaklqana
Kikubaaqudgha
Lugonu
Makhleb
Nemelex Xobeh
Okawaru
Qazlal
Ru
Sif Muna
Trog
Uskayaw
Vehumet
Wu Jian
Xom
Yredelemnul
Zin
The Shining One
Beogh
Jiyva


Message History

n - a +3 ring of intelligence
o - a +2 ring of evasion You open the door.
An adder, a yak, a wyvern, a slime creature, a troll and a crimson imp come into view.
The troll shouts!
The wyvern hisses angrily.
The crimson imp shouts!
The troll bites you!
The troll claws you but does no damage. x2
You sock the troll!
The troll is moderately wounded.
The crimson imp blinks!
The troll bites you.
The troll claws you but does no damage. x2
Your shield prevents you from hitting the troll.
The troll is moderately wounded.
The troll bites you. The troll claws you!
* * * LOW HITPOINT WARNING * * *
The troll claws you.
* * * LOW HITPOINT WARNING * * *
You hit the troll.
The troll is moderately wounded.
The crimson imp blinks!
The troll bites you!
You die... ▓▓▓▓▓▓▓▓▓▓▓▓▓▓▓▓▓▓▓▓▓▓▓▓ _______'..|)[[[.@TSJlY5. ▓▓▓▓▓▓▓▓▓▓▓▓▓▓▓▓▓▓▓▓▓▓▓▓

You could see a slime creature, a yak, a troll, a wyvern, a crimson imp and an adder.

Vanquished Creatures
  A hound (D)
  An adder (D)
  An ooze (D)
  2 bat zombies (D)
  A giant cockroach (D)
  A goblin (D)
  A hobgoblin (D)
  A bat (D)
  A rat (D)
10 creatures vanquished.

Notes
Turn   | Place    | Note
-------+----------+-------------------------------------------
     0 | D        | Freyura the Hill Orc Fighter began the quest for the Orb.
     0 | D        | Reached XP level 1. HP: 20/20 MP: 1/1
    27 | D        | Reached skill level 5 in Fighting
    27 | D        | Reached XP level 2. HP: 21/29 MP: 2/2
   121 | D        | Reached skill level 6 in Fighting
   123 | D        | Reached skill level 7 in Fighting
   123 | D        | Reached XP level 3. HP: 35/39 MP: 3/3
   137 | D        | Found a roughly hewn altar of Beogh.
   137 | D        | Found a snail-covered altar of Cheibriados.
   137 | D        | Found a shadowy altar of Dithmenos.
   137 | D        | Found a white marble altar of Elyvilon.
   137 | D        | Found a blossoming altar of Fedhas.
   137 | D        | Found an opulent altar of Gozag.
   138 | D        | Found a hazy altar of Hepliaklqana.
   139 | D        | Found a viscous altar of Jiyva.
   140 | D        | Found an ancient bone altar of Kikubaaqudgha.
   141 | D        | Found a corrupted altar of Lugonu.
   142 | D        | Found a burning altar of Makhleb.
   143 | D        | Found a sparkling altar of Nemelex Xobeh.
   144 | D        | Found an iron altar of Okawaru.
   145 | D        | Found a stormy altar of Qazlal.
   146 | D        | Found a sacrificial altar of Ru.
   147 | D        | Found a shimmering blue altar of Sif Muna.
   148 | D        | Found a bloodstained altar of Trog.
   149 | D        | Found a hide-covered altar of Uskayaw.
   150 | D        | Found a radiant altar of Vehumet.
   151 | D        | Found an ornate altar of the Wu Jian Council.
   152 | D        | Found a shimmering altar of Xom.
   153 | D        | Found a basalt altar of Yredelemnul.
   154 | D        | Found a glowing silver altar of Zin.
   155 | D        | Found a glowing golden altar of the Shining One.
   179 | D        | Noticed a troll
   179 | D        | Noticed a wyvern
   179 | D        | Noticed a slime creature
   179 | D        | Noticed a yak
   181 | D        | HP: 1/39 [troll (2)]
   182 | D        | Mangled by a troll

Skill      XL: |  1  2 |
---------------+-------+-----
Fighting       | 5 7 |  7.3
Short Blades   | |  7.3
Long Blades    | |  7.3
Axes           | |  7.3
Maces & Flails | |  7.3
Polearms       | |  7.3
Staves         | |  7.3
Armour         | |  3.2
Shields        | |  3.2
Unarmed Combat | |  7.3

Action                   || total
-------------------------++-------
Melee: Flail             ||    43
  Use: Potion            ||     2
Armor: Scale mail        ||    31
Dodge: Dodged            ||    10
Block: Medium shield     ||    21
